 Dungeon Crawl Stone Soup version 0.27-a0-1416-g941b2bd30b (webtiles) character file.

Game seed: 3610750249426341988

100 Wyvernaa the Poker (level 4, -2/34 HPs)
             Began as a Demonspawn Gladiator on July 1, 2021.
             Slain by a ball python (3 damage)
             ... on level 3 of the Dungeon.
             The game lasted 00:04:18 (2082 turns).

Wyvernaa the Poker (Demonspawn Gladiator)           Turns: 2082, Time: 00:04:18

Health: -2/34      AC:  4    Str: 14    XL:     4   Next: 47%
Magic:  4/4        EV:  9    Int: 12    God:
Gold:   83         SH:  0    Dex: 15    Spells: 3/3 levels left

rFire    + . .     SeeInvis .   a - +0 trident
rCold    + . .     Faith    .   (no shield)
rNeg     . . .     Spirit   .   b - +0 leather armour
rPois    +         Reflect  .   c - +0 helmet
rElec    +         Harm     .   (no cloak)
rCorr    +         Rampage  .   (no gloves)
Will     .....                  (no boots)
Stlth    +.........             (no amulet)
HPRegen  0.11/turn              (no ring)
MPRegen  0.09/turn              (no ring)

@: resistant, constricted
A: powered by death 1, big brain 1
a: no special abilities


You were on level 3 of the Dungeon.
You visited 1 branch of the dungeon, and saw 3 of its levels.

You collected 83 gold pieces.

Inventory:

Hand Weapons
 a - a +0 trident (weapon)
Missiles
 d - 3 throwing nets (quivered)
Armour
 b - a +0 leather armour (worn)
 c - a +0 helmet (worn)
Jewellery
 o - a ring of poison resistance
Scrolls
 e - 3 scrolls of magic mapping
 f - a scroll of enchant armour {unknown}
 j - 3 scrolls of teleportation
 k - a scroll of summoning {unknown}
 m - a scroll of immolation {unknown}
 n - a scroll of fear {unknown}
Potions
 h - a potion of curing {unknown}
 i - a potion of cancellation
 l - a potion of flight {unknown}


   Skills:
 + Level 2.7 Fighting
 + Level 3.6 Polearms
 + Level 1.7 Throwing
 + Level 1.2 Armour
 + Level 3.1 Dodging
 + Level 1.0 Stealth


You had 3 spell levels left.
You didn't know any spells.
Your spell library contained the following spells:

 Spells                   Type           Power      Damage    Failure   Level
 Sting                    Tmut/Pois      0%         1d3       38%         1
 Poisonous Vapours        Pois/Air       0%         N/A       52%         2
 Olgreb's Toxic Radiance  Pois           0%         N/A       99%         4
 Petrify                  Tmut/Erth      0%         N/A       99%         4
 Metabolic Englaciation   Hex/Ice        0%         N/A       100%        5
 Statue Form              Tmut/Erth      0%         N/A       100%        6


Dungeon Overview and Level Annotations

Branches:
Dungeon (3/15)

Altars:


Innate Abilities, Weirdness & Mutations

You regenerate a little health from kills.
You have an unusually large brain. (Int +2)


Message History

You puncture the gnoll!
You kill the gnoll!
The ball python bites you but does no damage.
The ball python barely misses you. The gnoll hits you with a +0 whip.
The gnoll barely misses you.
Your Stealth skill increases to level 1!
The gnoll hits you with a +0 whip.
The ball python bites you but does no damage.
The ball python closely misses you. The gnoll hits you with a +0 spear.
A jackal comes into view.
You barely miss the gnoll. The ball python bites you.
The ball python grabs you. The ball python constricts you.
The gnoll hits you with a +0 whip. The gnoll closely misses you.
The rat barely misses you.
A jackal comes into view.
You closely miss the gnoll. The ball python bites you.
The ball python constricts you. The gnoll barely misses you.
The gnoll hits you with a +0 spear. The rat bites you but does no damage.
The frilled lizard barely misses you.
As you read the scroll of teleportation, it crumbles to dust.
You feel strangely unstable.
The ball python bites you but does no damage.
The ball python constricts you. The gnoll hits you with a +0 whip.
* * * LOW HITPOINT WARNING * * *
The gnoll barely misses you. The rat bites you but does no damage.
The frilled lizard barely misses you. The ball python barely misses you.
The ball python constricts you.
It was a potion of cancellation.
You feel strangely stable.
You feel magically purged. The gnoll hits you with a +0 whip.
* * * LOW HITPOINT WARNING * * *
The gnoll hits you but does no damage. The ball python bites you.
* * * LOW HITPOINT WARNING * * *
The ball python constricts you. The rat bites you but does no damage.
The frilled lizard bites you but does no damage.
Okay, then.
It was a potion of resistance.
You feel protected. The gnoll closely misses you. The ball python bites you.
You die...

#. #... ...# #..o #..#
#..# #h.# #gl# #@g#
#Sr# ####..#####
#####...........
#.....##..######
#.######...(.
#########.######.##...#
................)# ..S.
.....####.######## ..#


You could see 2 gnolls, an orc (wandering), a jackal, a ball python, a frilled
lizard and a rat.

Vanquished Creatures
  A hound (D:2)
  A gnoll (D:3)
  2 adders
  A dart slug (D:2)
  3 orcs (D:3)
  6 endoplasms
  2 giant cockroaches
  4 hobgoblins
  5 kobolds
  2 quokkas
  2 ball pythons
  3 bats
  A goblin (D:1)
  5 rats
38 creatures vanquished.

Notes
Turn   | Place    | Note
-------+----------+-------------------------------------------
     0 | D:1      | Wyvernaa the Demonspawn Gladiator began the quest for the
                  | Orb.
     0 | D:1      | Reached XP level 1. HP: 16/16 MP: 1/1
   255 | D:1      | Found a faded altar of an unknown god.
   464 | D:1      | Gained mutation: You have an unusually large brain. (Int
                  | +2) [demonic ancestry]
   464 | D:1      | Reached XP level 2. HP: 12/22 MP: 2/2
  1181 | D:2      | Reached XP level 3. HP: 13/28 MP: 3/3
  1728 | D:2      | Reached skill level 1 in Armour
  1728 | D:2      | Gained mutation: You regenerate a little health from kills.
                  | [demonic ancestry]
  1728 | D:2      | Reached XP level 4. HP: 21/34 MP: 4/4
  2077 | D:3      | Reached skill level 1 in Stealth
  2081 | D:3      | HP: 1/34 [ball python (2)]
  2082 | D:3      | Slain by a ball python

Illustrated notes

Levels and vault maps discovered:
D:1:      lemuel_arrival_rhombus, layout_basic, shapermc_ecumenical_altar_venn
D:2:      layout_rooms
D:3:      layout_loops_ring, nicolae_gozag_cash_rules_everything_around_me

Skill      XL: |  1  2  3  4 |
---------------+-------------+-----
Dodging        | 3 |  3.1
Polearms       | 3 |  3.6
Armour         | 1 |  1.2
Stealth        | 1 |  1.0
Fighting       | |  2.7
Throwing       | |  1.7

Action                   |  1- 3 |  4- 6 || total
-------------------------+-------+-------++-------
Melee: Trident           |    98 |    25 ||   123
  Use: Scroll            |     3 |     1 ||     4
       Potion            |       |     2 ||     2
 Stab: Sleeping          |     2 |       ||     2
Armor: Leather armour    |    30 |     9 ||    39
Dodge: Dodged            |    69 |    24 ||    93

Table legend: (Time is in decaauts)
 A = Elapsed time spent in this place.
 B = Non-inter-level travel time spent in this place.
 C = Inter-level travel time spent in this place.
 D = Time resting spent in this place.
 E = Time spent auto-exploring this place.
 F = Levels seen in this place.
 G = Mean time per level.
                   A        B        C        D        E       F      G
               +--------+--------+--------+--------+--------+-----+--------+
         Total |   2100 |   2024 |     76 |    381 |   1292 |   3 |  700.0 |
       Dungeon |   2100 |   2024 |     76 |    381 |   1292 |   3 |  700.0 |
               +--------+--------+--------+--------+--------+-----+--------+

Top non-repeatable levels by time:
     D:1: 1083 daAuts
     D:2: 789 daAuts
     D:3: 227 daAuts
